Map: Kairos Junction LE

Players

MrKillous (SKillous) - Winner!

  • Race: Protoss Protoss
  • Spawn Location: 11:00

Nerchio

  • Race: Zerg Zerg
  • Spawn Location: 5:00

Event: IEM Season 13: Katowice (2019)

VOD

Have the link to the VOD?

Description

Time

  • Played on: Feb. 25, 2019, 9:58 a.m.
  • Length: 6:06

All games in this series

Show
View Real Time Build Order
Export as new Build Order

MrKillous Protoss - Winner!

Build Orders: 1 Gate Expand 

Get SALT Encoding   

  12  0:01  Probe  
  13  0:13  Probe  
  14  0:19  Pylon  
  14  0:25  Probe  
  15  0:33  Probe  
  15  0:40  Gateway  
  15  0:41  Probe  
  16  0:48  Assimilator  
  17  0:52  Probe  
  18  1:04  Probe  
  19  1:16  Probe  
  20  1:25  Nexus  
  20  1:36  Cybernetics Core  
  20  1:38  Probe  
  21  1:46  Assimilator  
  21  1:50  Probe  
  22  1:55  Pylon  
  22  2:02  Probe  
  22  2:05  Sentry  
  23  2:12  Warp Gate  
  23  2:14  Probe  
  26  2:21  Stalker  
  26  2:27  Probe  
  27  2:33  Probe  
  30  2:39  Probe, Robotics Facility  
  30  2:41  Probe  
  31  2:51  Probe x2  
  34  2:58  Twilight Council  
  34  3:03  Probe x2  
  35  3:14  Gateway  
  35  3:15  Probe  
  35  3:17  Immortal  
  37  3:25  Charge  
  40  3:28  Gateway  
  40  3:40  Gateway  
  40  3:49  Immortal  
  40  3:50  Gateway  
  40  3:51  Gateway  
  44  4:07  Gateway  
  44  4:11  Gateway  
  44  4:21  Warp Prism  
  44  4:27  Pylon  
  44  4:28  Pylon  
  46  4:34  Pylon  
  46  4:45  Zealot x4  
  54  4:46  Zealot  
  54  4:48  Zealot  
  58  4:54  Pylon  
  58  5:03  Zealot  
  58  5:06  Zealot x3  
  66  5:08  Zealot  
  66  5:14  Zealot x2  
  72  5:30  Zealot x3  
  76  5:38  Zealot x3  
  76  5:39  Pylon  
  76  5:41  Zealot  
  76  5:43  Zealot  
  66  5:57  Zealot x3  
  66  5:58  Zealot  
  66  6:01  Zealot  
  74  6:05  Zealot  
Show
View Real Time Build Order
Export as new Build Order

Nerchio Zerg 

Build Orders: Hatch First 

Get SALT Encoding   

  12  0:00  Drone  
  13  0:12  Overlord  
  13  0:17  Drone  
  14  0:30  Drone x2  
  14  0:34  Drone  
  17  0:51  Hatchery  
  17  0:55  Drone  
  17  0:58  Drone  
  18  1:04  Extractor  
  17  1:14  Spawning Pool  
  17  1:17  Drone  
  17  1:21  Drone  
  18  1:28  Drone  
  19  1:39  Overlord  
  19  1:50  Drone  
  20  2:01  Queen, Zergling x2  
  20  2:03  Queen  
  25  2:11  Zergling x2  
  25  2:14  Drone  
  27  2:17  Drone  
  27  2:21  Drone  
  29  2:25  Drone  
  30  2:32  Drone  
  30  2:37  Drone  
  32  2:41  Queen  
  34  2:46  Hatchery  
  34  2:50  Metabolic Boost  
  33  2:55  Overlord  
  33  2:58  Drone  
  34  3:01  Drone  
  34  3:03  Drone  
  36  3:10  Overlord  
  36  3:12  Overlord  
  36  3:14  Drone  
  36  3:15  Drone  
  36  3:18  Drone  
  39  3:30  Lair  
  39  3:31  Drone, Roach Warren  
  39  3:33  Drone  
  40  3:35  Drone  
  40  3:37  Drone  
  40  3:39  Drone  
  43  3:42  Drone  
  43  3:43  Extractor  
  43  3:44  Drone  
  43  3:46  Drone  
  45  3:49  Drone  
  45  3:52  Overlord  
  46  4:00  Drone  
  46  4:01  Drone  
  48  4:05  Overlord  
  48  4:07  Spore Crawler  
  47  4:14  Roach x4  
  55  4:21  Extractor  
  54  4:29  Roach x2  
  57  4:34  Drone x9  
  66  4:43  Overseer  
  66  4:46  Overlord x2  
  66  4:55  Drone x3  
  69  5:02  Overlord  
  69  5:03  Roach x2  
  73  5:07  Roach x3  
  73  5:12  Roach x3  
  84  5:15  Spine Crawler  
  84  5:16  Roach  
  84  5:19  Roach  
  87  5:24  Roach x2  
  87  5:25  Roach x2  
  87  5:26  Roach  
  87  5:28  Zergling x4  
  95  5:35  Ravager  
  94  5:36  Zergling x6  
  79  5:46  Zergling x14  

Tags
 
Add a new tag
Caveats
  • Supply blocks, unpowered buildings, or Contaminate may cause inaccurate times.
  • Supply counts are checked every 10 seconds.